 Dungeon Sprint DCSS version 0.31-a0-1-g4198be8af4 (webtiles) character file.

Game seed: 11757768279783699771

46 fozzywoppz the Trooper (level 3, -4/33 HPs)
             Began as a Demonspawn Monk on May 1, 2023.
             Slain by an ogre
             ... wielding a +0 giant club
              (28 damage)
             ... in the Dungeon (Sprint IX: "|||||||||||||||||||||||||||||").
             The game lasted 00:00:37 (38 turns).

fozzywoppz the Trooper (Demonspawn Monk)              Turns: 38, Time: 00:00:37

Health: -4/33      AC:  3    Str: 11    XL:     3   Next: 46%
Magic:  3/3        EV: 14    Int: 11    God:
Gold:   0          SH:  0    Dex: 17    Spells: 2/2 levels left

rFire   . . .        a - +0 mace
rCold   . . .        d - orb {light}
rNeg    . . .        b - +0 robe
rPois   .            (no helmet)
rElec   .            (no cloak)
rCorr   .            (no gloves)
SInv    .            (no boots)
Will    .....        (no amulet)
Stlth   +            (no ring)
HPRegen 0.25/turn    (no ring)
MPRegen 0.08/turn

%: no teleportation
@: glowing
A: sharp scales 1
a: no special abilities


You were in the Dungeon.
You visited 1 branch

Inventory:

Hand Weapons
 a - a +0 mace (weapon)
Armour
 b - a +0 robe (worn)
 d - an orb of light (worn)
Scrolls
 j - a scroll of blinking
Potions
 c - a potion of ambrosia
 e - a potion of curing
 f - a potion of heal wounds
 g - a potion of haste
 h - 2 potions of magic
 i - a potion of berserk rage


   Skills:
 + Level 5.0 Fighting
 + Level 4.5 Maces & Flails
 + Level 4.5 Dodging


You had 2 spell levels left.
You didn't know any spells.
Your spell library was empty.

Dungeon Overview and Level Annotations

Branches:
Dungeon (1/1)

Altars:


Innate Abilities, Weirdness & Mutations

You are partially covered in razor-sharp scales. (AC +1, Slay +1)


Message History

Increase (S)trength, (I)ntelligence, or (D)exterity?
You feel agile. x2
Unknown command.
You closely miss the quokka. The quokka bites you.
You sock the quokka!
You kill the quokka!
The gnoll hits you from afar with a +0 spear.
Unknown command.
The gnoll completely misses you.
There is an open door, spattered with blood here.
You see here a hound corpse.
You hit the gnoll.
The gnoll is lightly wounded.
The gnoll misses you. The gnoll barely misses you.
You sock the gnoll!
The gnoll is almost dead.
The gnoll hits you with a +0 spear.
You hit the gnoll.
You kill the gnoll!
Your Fighting skill increases to level 5!
Unknown command.
You hit the ogre.
The ogre is lightly wounded.
The ogre barely misses you.
You hit the ogre.
The ogre is lightly wounded.
The ogre closely misses you.
You barely miss the ogre.
The ogre is lightly wounded.
The ogre hits you with a +0 giant club.
You hit the ogre but do no damage.
The ogre is lightly wounded.
You hit the ogre.
The ogre is moderately wounded.
The ogre barely misses you.
You hit the ogre.
The ogre is moderately wounded.
The ogre hits you with a +0 giant club!!
Ouch! That really hurt!
You die... ▓▓▓▓▓▓▓▓▓▓▓▓▓▓▓▓▓▓ +...oO@.....†...<▓ ▓▓▓▓▓▓▓▓▓▓▓▓▓▓▓▓▓▓

You could see an ogre and an orc priest.

Vanquished Creatures
  A hound (D)
  A gnoll (D)
  2 endoplasms (D)
  2 hobgoblins (D)
  A quokka (D)
  A frilled lizard (D)
8 creatures vanquished.

Notes
Turn   | Place    | Note
-------+----------+-------------------------------------------
     0 | D        | fozzywoppz the Demonspawn Monk began the quest for the Orb.
     0 | D        | Reached XP level 1. HP: 18/18 MP: 1/1
    21 | D        | Noticed an orc priest
    21 | D        | Noticed an ogre
    21 | D        | Noticed a hound
    26 | D        | Killed a hound
    27 | D        | Reached skill level 4 in Fighting
    27 | D        | Gained mutation: You are partially covered in razor-sharp
                  | scales. (AC +1, Slay +1) [demonic ancestry]
    27 | D        | Reached XP level 2. HP: 26/26 MP: 2/2
    27 | D        | Reached XP level 3. HP: 31/31 MP: 3/3
    33 | D        | Reached skill level 5 in Fighting
    38 | D        | Slain by an ogre

Illustrated notes

Levels and vault maps discovered:
D:        linesprint [early_d, line_temple, items_1, d_10, items_2, lair_1,
          lair_end, items_3, orc_1, orc_end, items_4, d_15, swamp_1, shoals_1,
          snake_1, spider_1, d_20, vaults_1, items_5, swamp_end, shoals_end,
          snake_end, spider_end, vaults_end, d_27, items_6, zot_1, zot_end,
          crypt_end, forest_end, elf_end, slime_end, tomb_end, abyss_end,
          pan_hell_end]

Skill      XL: |  1  2  3 |
---------------+----------+-----
Maces & Flails | 4 |  4.5
Dodging        | 4 |  4.5
Fighting       | 4 5 |  5.0

Action                     || total
---------------------------++-------
  Melee: Mace              ||    27
 Armour: Robe              ||     1
  Dodge: Dodged            ||    19

Table legend: (Time is in decaauts)
 A = Elapsed time spent in this place.
 B = Non-inter-level travel time spent in this place.
 C = Inter-level travel time spent in this place.
 D = Time resting spent in this place.
 E = Time spent auto-exploring this place.
 F = Levels seen in this place.
 G = Mean time per level.
                   A        B        C        D        E       F      G
               +--------+--------+--------+--------+--------+-----+--------+
         Total |     43 |     43 |      0 |      0 |      0 |   1 |   43.0 |
       Dungeon |     43 |     43 |      0 |      0 |      0 |   1 |   43.0 |
               +--------+--------+--------+--------+--------+-----+--------+

Top non-repeatable levels by time:
       D: 43 daAuts
